 Dungeon Crawl Stone Soup version 0.21.1-1-g345015f (webtiles) character file.

29 inc the Scratcher (level 3, -1/15 HPs)
             Began as a Felid Transmuter on Mar 6, 2018.
             Slain by a quokka (4 damage)
             ... on level 2 of the Dungeon.
             The game lasted 00:01:27 (1018 turns).

inc the Scratcher (Felid Transmuter)                Turns: 1018, Time: 00:01:27

Health: -1/15      AC:  1    Str:  6    XL:     3   Next: 1%
Magic:  7/7        EV: 16    Int: 15    God:
Gold:   37         SH:  0    Dex: 16    Spells: 3/6 levels left
                                        Lives:  0   Deaths: 0

rFire    . . .     SeeInvis +     - Unarmed
rCold    . . .     Gourm    .   (shield unavailable)
rNeg     . . .     Faith    .   (armour unavailable)
rPois    .         Spirit   .   (helmet unavailable)
rElec    .         Reflect  .   (cloak unavailable)
rCorr    .         Harm     .   (gloves unavailable)
MR       .....                  (boots unavailable)
Stlth    ++........             (no amulet)
HPRegen  0.05/turn              i - ring of wizardry
MPRegen  0.10/turn              (no ring)

@: heavily drained, quick
A: very small, no armour, no weapons or thrown items, stealth, claws 1, fangs 3,
see invisible, carnivore, speed 1, shaggy fur 1, slow metabolism 1, sharp paws
a: no special abilities


You were on level 2 of the Dungeon.
You were not hungry.

You visited 1 branch of the dungeon, and saw 2 of its levels.

You collected 37 gold pieces.

Inventory:

Missiles
 a - 12 arrows
Jewellery
 h - an uncursed amulet of harm
 i - a ring of wizardry (left paw)
Scrolls
 d - 3 scrolls of teleportation {unknown}
 e - 2 scrolls of identify {unknown}
 f - a scroll of magic mapping {unknown}
Potions
 g - 2 potions of flight {unknown}
Books
 b - a book of Changes

   Spells                             Type                      Level
   a - Beastly Appendage              Transmutation                1
   b - Sticks to Snakes               Transmutation                2
   c - Spider Form                    Transmutation/Poison         3
   d - Ice Form                       Ice/Transmutation            4
   e - Blade Hands                    Transmutation                5
Comestibles
 c - 4 rations


   Skills:
 - Level 1.0(0.0) Fighting
 - Level 2.6(1.2) Dodging
 + Level 4.2(2.7) Unarmed Combat
 - Level 2.0(0.5) Spellcasting
 - Level 2.1(0.7) Transmutations


You had 3 spell levels left.
You knew the following spells:

 Your Spells              Type           Power        Failure   Level  Hunger
a - Beastly Appendage     Tmut           #.....       8%          1    ##.....
b - Sticks to Snakes      Tmut           #.......     12%         2    ###....


Dungeon Overview and Level Annotations

Branches:
Dungeon (2/15)

Altars:


Innate Abilities, Weirdness & Mutations

You cannot wear armour.
You are incapable of wielding weapons or throwing items.
Your paws allow you to move quietly. (Stealth)
You have sharp claws.
You have razor-sharp teeth.
You have supernaturally acute eyesight. (SInv)
You are carnivorous and can eat meat at any time.
You cover ground quickly.
You are covered in fur. (AC +1)
You have a slow metabolism.
Your sharp claws are effective at attacking unaware monsters.


Message History

You are too injured to fight recklessly!
You are too injured to fight recklessly!
You are too injured to fight recklessly!
You are too injured to fight recklessly!
You scratch the quokka but do no damage.
Your bite misses the quokka.
The quokka is severely wounded.
The quokka closely misses you.
You scratch the quokka.
The quokka is almost dead.
The quokka completely misses you.
You scratch the quokka but do no damage.
The quokka is almost dead.
The quokka completely misses you.
You barely miss the quokka.
The quokka is almost dead.
The quokka bites you.
* * * LOW HITPOINT WARNING * * *
The quokka bites you.
You die...

......#########.#
##.##....# #..#.# ####
#.##..#.###..#.##....#.
#.##..#..............).
#.....########.##...$#
#####.....>....##....#
#########........#
#.....#### #..@r.#
#.....# #?....# #.!...#
#.....# #.....# #######


You could see a quokka.

Vanquished Creatures
  A leopard gecko (D:2)
  3 giant cockroaches (D:1)
  A goblin (D:1)
  4 hobgoblins (D:1)
  3 jackals (D:1)
  2 ball pythons
  4 bats
  2 frilled lizards (D:1)
  3 kobolds (D:1)
  2 rats (D:1)
25 creatures vanquished.

Notes
Turn   | Place    | Note
-------+----------+-------------------------------------------
     0 | D:1      | inc the Felid Transmuter began the quest for the Orb.
     0 | D:1      | Reached XP level 1. HP: 9/9 MP: 4/4
   299 | D:1      | Reached XP level 2. HP: 10/12 MP: 6/6
   426 | D:1      | Reached skill level 4 in Unarmed Combat
   891 | D:2      | Learned a level 2 spell: Sticks to Snakes
  1011 | D:2      | Reached XP level 3. HP: 12/15 MP: 7/7
  1018 | D:2      | Slain by a quokka

Skill      XL: |  1  2 |
---------------+-------+-----
Unarmed Combat | 4 |  4.2
Fighting       | |  1.0
Dodging        | |  2.6
Spellcasting   | |  2.0
Transmutations | |  2.1

Action                   || total
-------------------------++-------
Melee: Unarmed           ||    93
       Bite              ||     1
       Punch             ||     1
 Stab: Sleeping          ||     1
Armor: Skin              ||    15
Dodge: Dodged            ||   110
